 Dungeon Crawl Stone Soup version 0.23.2-1-ga50397a (webtiles) character file.

Game seed: 7946414384186789444

4321 kae the Martial Artist (level 10, -2/65 HPs)
             Began as a Demonspawn Transmuter on May 5, 2019.
             Was a Believer of Ru.
             Slain by a gnoll
             ... wielding a +0 spear
              (7 damage)
             ... on level 9 of the Dungeon.
             The game lasted 00:14:13 (12096 turns).

kae the Martial Artist (Demonspawn Transmuter)     Turns: 12096, Time: 00:14:14

Health: -2/65      AC:  2    Str: 14    XL:     10   Next: 11%
Magic:  9/19       EV: 23    Int: 15    God:    Ru [**....]
Gold:   468        SH:  0    Dex: 24    Spells: 11/22 levels left

rFire    . . .     SeeInvis .     - Unarmed
rCold    . . .     Gourm    .   (shield currently unavailable)
rNeg     . . .     Faith    .   (armour currently unavailable)
rPois    .         Spirit   .   (helmet currently unavailable)
rElec    .         Reflect  .   (cloak currently unavailable)
rCorr    .         Harm     .   (gloves currently unavailable)
MR       .....                  (boots currently unavailable)
Stlth    +.........             (no amulet)
HPRegen  0.20/turn              f - ring of poison resistance
MPRegen  0.16/turn              o - +3 ring of dexterity

@: mighty, spider-form, very slightly contaminated, glowing
A: tiny, repulsion field 2, nightstalker 1, powered by pain 1, weak 1, inability
to use devices
a: End Transformation, Renounce Religion


You were on level 9 of the Dungeon.
You worshipped Ru.
Ru was pleased with you.
You were very hungry.
You were a venomous arachnid creature.
You visited 2 branches of the dungeon, and saw 10 of its levels.

You collected 468 gold pieces.

Inventory:

Missiles
 a - 178 arrows
Armour
 b - a +1 robe (melded)
Jewellery
 f - a ring of poison resistance (left front leg)
 m - an uncursed ring of resist corrosion
 o - a +3 ring of dexterity (right front leg)
 q - a +2 ring of strength
 r - an uncursed ring of protection from fire
 w - a cursed ring of attention {unknown}
 y - an uncursed ring of protection from magic {unknown}
Wands
 c - a wand of polymorph (9)
 k - a wand of iceblast (21)
 l - a wand of acid (10)
Scrolls
 e - 3 scrolls of amnesia
 g - 6 scrolls of remove curse
 h - 7 scrolls of identify
 j - 3 scrolls of enchant armour
 n - a scroll of teleportation
 p - 4 scrolls of fog
 s - a scroll of random uselessness
 u - 2 scrolls of magic mapping
 v - a scroll of torment {unknown}
Potions
 i - 2 potions of curing
 t - 2 potions of heal wounds
 x - a potion of ambrosia {unknown}
Comestibles
 d - 9 rations


   Skills:
 - Level 1.0 Fighting
 - Level 1.7 Dodging
 * Level 9.3 Unarmed Combat
 + Level 6.5 Spellcasting
 + Level 7.9 Transmutations
 - Level 2.0 Poison Magic


You had 11 spell levels left.
You knew the following spells:

 Your Spells              Type           Power        Failure   Level  Hunger
a - Beastly Appendage     Tmut           ####..       3%          1    None
b - Sticks to Snakes      Tmut           ####....     4%          2    #......
c - Spider Form           Tmut/Pois      ###.......   16%         3    ##.....
d - Blade Hands           Tmut           ####......   32%         5    ######.

Your spell library contained the following spells:

 Spells                   Type           Power        Failure   Level  Hunger
 Summon Small Mammal      Summ           #...         32%         1    None
 Call Imp                 Summ           #.......     43%         2    #......
 Ice Form                 Ice/Tmut       ###.....     47%         4    ####...
 Call Canine Familiar     Summ           #.......     61%         3    ##.....
 Summon Guardian Golem    Hex/Summ       #.......     61%         3    ##.....
 Summon Ice Beast         Ice/Summ       #.......     92%         4    ####...
 Summon Lightning Spire   Summ/Air       #.......     92%         4    ####...


Dungeon Overview and Level Annotations

Branches:
Dungeon (9/15)             Temple (1/1) D:5            Lair (0/6) D:9
    Orc: D:9-12

Altars:
Cheibriados
Dithmenos
Elyvilon
Fedhas
Gozag
Hepliaklqana
Kikubaaqudgha
Makhleb
Nemelex Xobeh
Okawaru
Qazlal
Ru
Sif Muna
Trog
Uskayaw
Vehumet
Wu Jian
Xom
Yredelemnul
Zin
The Shining One


Innate Abilities, Weirdness & Mutations

((You have sharp toenails.))
You are surrounded by a moderate repulsion field. (EV +3)
You are slightly more attuned to the shadows.
You sometimes gain a little power by taking damage.
You are weak. (Str -2)
You cannot study or use magical devices.


Message History

The gnoll misses you.
The gnoll hits you from afar with a +0 spear!
The gnoll shaman hits you with a +5 whip!
Casting: Blade Hands (slightly dangerous; 14% risk of failure)
Confirm with . or Enter, or press ? or * to list all spells.
You turn into a venomous arachnid creature.
Your +1 robe melds into your body.
The gnoll completely misses you.
The gnoll hits you from afar with a +0 spear.
* * * LOW HITPOINT WARNING * * *
The gnoll shaman hits you with a +5 whip!
* * * LOW HITPOINT WARNING * * *
You focus on the pain.
You feel very mighty all of a sudden. The gnoll completely misses you.
The gnoll closely misses you. The gnoll shaman misses you.
You hit the gnoll shaman.
You kill the gnoll shaman!
The gnoll closely misses you.
The gnoll hits you from afar with a +0 spear!
You die...

#.....#. #####.....#.
.......... ............
....$......# ####.....#.
...........# ##......#.
...........# #.......#.
......g....# #.#..#####
......g)...# #.#.##
........s)######.#.#
......$...(#......<#
.........).........######
#..........#.............
...........####>#..######
...........####....#
#.#....(......##...######
.........................
.#.....#####.......###..


You could see 2 gnolls.

Vanquished Creatures
  A yak (D:6)
  Eustachio (D:5)
  A steam dragon (D:9)
  Edmund (D:6)
  3 orc warriors
  A black bear (D:9)
  2 ice beasts
  2 sky beasts (D:7)
  5 ogres
  3 phantoms
  A centaur (D:6)
  2 big kobolds
  A bullfrog (D:6)
  2 scorpions
  3 killer bees (D:7)
  5 wights (D:7)
  3 crimson imps
  2 bullfrog zombies
  2 centaur zombies (D:7)
  2 bullfrog skeletons
  4 hounds
  6 orc priests
  A gnoll shaman (D:9)
  An iguana (D:7)
  An iron imp (D:8)
  Ijyb (D:4)
  11 orc wizards
  A hell rat (D:7)
  9 worker ants
  A worker ant zombie (D:8)
  7 gnolls
  A howler monkey skeleton (D:6)
  7 river rats (D:7)
  9 adders
  A shadow imp (D:6)
  An ooze (D:5)
  An adder skeleton (D:8)
  2 adder zombies
  A worm (D:2)
  A dart slug (D:4)
  10 leopard geckos
  29 orcs
  A ball python (D:1)
  5 giant cockroaches
  9 goblins
  8 hobgoblins
  12 jackals
  8 quokkas
  8 bats
  5 frilled lizards
  25 kobolds
  A quokka skeleton (D:7)
  26 rats
257 creatures vanquished.

Vanquished Creatures (others)
  A jackal (D:9)
1 creature vanquished.

Grand Total: 258 creatures vanquished

Notes
Turn   | Place    | Note
-------+----------+-------------------------------------------
     0 | D:1      | kae the Demonspawn Transmuter began the quest for the Orb.
     0 | D:1      | Reached XP level 1. HP: 15/15 MP: 3/3
   195 | D:1      | Gained mutation: You have sharp toenails. [demonic
                  | ancestry]
   195 | D:1      | Reached XP level 2. HP: 19/21 MP: 5/5
   199 | D:1      | Learned a level 2 spell: Sticks to Snakes
  1229 | D:1      | Reached XP level 3. HP: 21/26 MP: 6/6
  1735 | D:2      | Learned a level 3 spell: Spider Form
  1761 | D:2      | Gained mutation: You are surrounded by a mild repulsion
                  | field. (EV +2) [demonic ancestry]
  1761 | D:2      | Reached XP level 4. HP: 6/32 MP: 7/7
  3356 | D:3      | Found an opulent altar of Gozag.
  3565 | D:3      | Found a faded altar of an unknown god.
  3596 | D:3      | Gained mutation: You are slightly more attuned to the
                  | shadows. [demonic ancestry]
  3596 | D:3      | Reached XP level 5. HP: 32/37 MP: 1/8
  3607 | D:3      | Reached skill level 3 in Unarmed Combat
  3944 | D:3      | Reached skill level 1 in Poison Magic
  4355 | D:4      | Noticed Ijyb
  4434 | D:4      | Reached XP level 6. HP: 41/43 MP: 9/9
  4440 | D:4      | Reached skill level 5 in Transmutations
  4556 | D:4      | Found a hide-covered altar of Uskayaw.
  5140 | D:4      | Reached skill level 4 in Unarmed Combat
  5352 | D:4      | Killed Ijyb
  5393 | D:5      | Entered Level 5 of the Dungeon
  5437 | D:5      | Reached XP level 7. HP: 32/48 MP: 11/11
  5616 | D:5      | Found a staircase to the Ecumenical Temple.
  5629 | D:5      | Noticed Eustachio
  5642 | Temple   | Entered the Ecumenical Temple
  5778 | Temple   | Became a worshipper of Ru the Awakened
  5811 | D:5      | Killed Eustachio
  6001 | D:5      | Reached skill level 5 in Unarmed Combat
  6008 | D:5      | Found a basalt altar of Yredelemnul.
  6121 | D:5      | Gained mutation: You are surrounded by a moderate repulsion
                  | field. (EV +3) [demonic ancestry]
  6121 | D:5      | Reached XP level 8. HP: 21/54 MP: 9/13
  6887 | D:6      | Reached skill level 6 in Unarmed Combat
  7080 | D:6      | Gained mutation: You are weak. (Str -2) [Ru sacrifice]
  7182 | D:6      | Reached skill level 7 in Unarmed Combat
  7425 | D:6      | Reached skill level 5 in Spellcasting
  7608 | D:6      | Noticed Edmund
  7641 | D:6      | Found an ornate altar of the Wu Jian Council.
  7848 | D:6      | Gained mutation: You sometimes gain a little power by
                  | taking damage. [demonic ancestry]
  7848 | D:6      | Reached XP level 9. HP: 54/59 MP: 12/16
  7983 | D:6      | Found an ornate altar of the Wu Jian Council.
  8023 | D:6      | Found a hazy altar of Hepliaklqana.
  8024 | D:6      | Found an ancient bone altar of Kikubaaqudgha.
  8095 | D:6      | Killed Edmund
  8443 | D:7      | Learned a level 5 spell: Blade Hands
  8611 | D:7      | Reached skill level 8 in Unarmed Combat
  9360 | D:7      | Found a radiant altar of Vehumet.
  9976 | D:7      | Gained mutation: You cannot study or use magical devices.
                  | [Ru sacrifice]
  9976 | D:7      | Reached * piety under Ru
  9976 | D:7      | Reached ** piety under Ru
 10572 | D:7      | Reached skill level 9 in Unarmed Combat
 10966 | D:8      | Found a snail-covered altar of Cheibriados.
 11159 | D:8      | Found a stormy altar of Qazlal.
 11389 | D:9      | Found a staircase to the Lair.
 11478 | D:9      | Reached XP level 10. HP: 61/65 MP: 16/19
 12096 | D:9      | Slain by a gnoll

Skill      XL: |  1  2  3  4  5  6  7  8  9 |
---------------+----------------------------+-----
Transmutations | 2 3 4 5 6 7 |  7.9
Unarmed Combat | 3 4 5 7 9 |  9.3
Poison Magic   | 1 2 |  2.0
Spellcasting   | 3 5 6 |  6.5
Fighting       | |  1.0
Dodging        | |  1.7

Action                   |  1- 3 |  4- 6 |  7- 9 | 10-12 || total
-------------------------+-------+-------+-------+-------++-------
Melee: Unarmed           |   120 |   234 |   541 |    55 ||   950
       Kick              |    20 |    42 |   113 |     8 ||   183
       Headbutt          |     3 |     6 |     3 |       ||    12
       Punch             |     1 |     5 |    12 |     1 ||    19
 Cast: Beastly Appendage |     9 |    12 |     3 |       ||    24
       Spider Form       |       |     8 |    24 |     2 ||    34
       Sticks to Snakes  |       |     1 |     7 |       ||     8
       Blade Hands       |       |       |     4 |     2 ||     6
Invok: Sacrifice Purity  |       |       |     1 |       ||     1
       Sacrifice Artific |       |       |     1 |       ||     1
  Use: Scroll            |     2 |    10 |     4 |       ||    16
       Potion            |       |     5 |     4 |       ||     9
 Stab: Sleeping          |     1 |     8 |     8 |       ||    17
       Distracted        |       |       |     3 |       ||     3
       Invisible         |       |       |     2 |     1 ||     3
  Eat: Chunk             |     3 |    12 |    19 |     1 ||    35
       Ration            |       |       |     2 |       ||     2
Armor: Robe              |    26 |    26 |    40 |       ||    92
       Skin              |       |    18 |     7 |       ||    25
Dodge: Dodged            |    85 |   157 |   386 |    34 ||   662
